 Dungeon Crawl Stone Soup version 0.32-a0-791-gfc315c9ecd (webtiles) character file.

Game seed: 8904707135101438582

3607 Pestilence the Ducker (level 9, -5/7 HPs)
             Began as a Vampire Fighter on Mar 21, 2024.
             Was a Follower of Okawaru.
             Slain by a bullfrog (6 damage)
             ... on level 8 of the Dungeon.
             The game lasted 00:09:00 (6216 turns).

Pestilence the Ducker (Vampire Fighter)             Turns: 6216, Time: 00:09:01

Health: -5/7       AC:  3    Str: 15    XL:     9   Next: 86%
Magic:  9/9        EV:  9    Int: 10    God:    Okawaru [*.....]
Gold:   448        SH:  0    Dex: 18    Spells: 8/8 levels left

rFire   . . .        n - melded +2 rapier (speed)
rCold   . . .        c - melded +1 buckler
rNeg    + . .        g - +0 chain mail
rPois   .            k - +2 helmet
rElec   .            (no cloak)
rCorr   .            (gloves currently unavailable)
SInv    +            (no boots)
Will    .....        (no amulet) Stlth
                     s - ring of positive energy
HPRegen 0.41/turn    (no ring)
MPRegen 0.11/turn

%: no passive effects
@: blade hands, healing quickly
A: reduced hp, alive, fangs 3, see invisible, vampiric 2
a: Exsanguinate, Begin Untransformation, Renounce Religion, Heroism


You were on level 8 of the Dungeon.
You worshipped Okawaru.
Okawaru was aware of your devotion.
You had blades for hands.
You visited 2 branches of the dungeon, and saw 9 of its levels.

You collected 448 gold pieces.

Inventory:

Hand Weapons
 n - a +2 rapier of speed (melded)
Armour
 c - a +1 buckler (melded)
 g - a +0 chain mail (worn)
 k - a +2 helmet (worn)
Jewellery
 s - a ring of positive energy (left blade hand)
Talismans
 t - a blade talisman (active)
Wands
 a - a wand of roots (2)
 b - a wand of digging (8)
 u - a wand of polymorph (4)
Scrolls
 o - a scroll of revelation
 q - 2 scrolls of teleportation
 r - 3 scrolls of fog
 v - a scroll of butterflies
 w - a scroll of identify
Potions
 d - a potion of heal wounds
 e - 2 potions of brilliance {unknown}
 f - 2 potions of ambrosia {unknown}
 h - 3 potions of degeneration {unknown}
 i - 3 potions of enlightenment {unknown}
 j - a potion of curing {unknown}
 l - a potion of invisibility {unknown}
 m - a potion of cancellation {unknown}
 p - 2 potions of berserk rage {unknown}


   Skills:
 + Level 7.0 Fighting
 + Level 7.3 Long Blades
 - Level 2.4 Armour
 + Level 7.6 Dodging
 + Level 7.0 Shields
 + Level 0.0 Shapeshifting


You had 8 spell levels left.
You didn't know any spells.
Your spell library contained the following spells:

 Spells                   Type           Power      Damage    Failure   Level
 Magic Dart               Conj           0%         1d3       99%         1
 Searing Ray              Conj           0%         2d4       100%        2
 Gell's Gravitas          Tloc           0%         N/A       100%        3
 Sigil of Binding         Hex            0%         N/A       100%        3
 Teleport Other           Tloc           0%         N/A       100%        3
 Dimensional Bullseye     Hex/Tloc       0%         N/A       100%        4
 Fulminant Prism          Conj/Alch      0%         3d5       100%        4
 Dispersal                Tloc           0%         N/A       100%        6
 Call Canine Familiar     Summ           Unusable   N/A       N/A         3

Dungeon Overview and Level Annotations

Branches:
Dungeon (8/15)             Temple (1/1) D:7
   Lair: D:8-11

Altars:
Ashenzari
Cheibriados
Dithmenos
Fedhas
Gozag
Hepliaklqana
Kikubaaqudgha
Makhleb
Nemelex Xobeh
Okawaru
Qazlal
Ru
Sif Muna
Trog
Uskayaw
Vehumet
Wu Jian
Xom
Yredelemnul

Shops:
D:6 :   D:7 ?

Annotations:
D:4 1 runed translucent door, chuckh07's ghost, weakling DrCj
D:6 1 runed translucent door, Bediveer's ghost, novice SpHu


Innate Abilities, Weirdness & Mutations

You have blades for hands.
Your maximum health is decreased, since you lack skill for your form.
You are incapable of wielding weapons or throwing items.
Your natural rate of healing is accelerated.
You have razor-sharp teeth.
You have supernaturally acute eyesight. (SInv)
You are afflicted with vampirism and can become a bat while bloodless.


Message History

The bullfrog is almost dead.
The bullfrog hits you but does no damage.
You barely miss the bullfrog.
The bullfrog is almost dead.
The bullfrog hits you but does no damage. x2
You hit the bullfrog.
The bullfrog is almost dead.
You hit the bullfrog.
You kill the bullfrog!
Okawaru accepts your kill.
No target in view!
No target in view!
Found 6 gold pieces.
Found 9 gold pieces.
You see here a blade talisman.
t - a blade talisman
Okay, then.
You begin transforming.
You continue transforming. x3
Your hands turn into razor-sharp scythe blades.
Your +2 rapier of speed melds into your body.
Your +1 buckler melds into your body.
HP restored.
You now have 448 gold pieces (gained 9).
Found 6 curare-tipped darts.
No target in view!
No target in view!
No target in view!
No target in view!
No target in view!
w - a scroll of identify
Found a ring mail.
A bullfrog comes into view.
Found a scroll of identify.
Found a stone staircase leading down.
The bullfrog croaks.
You hear a shout!
An orc comes into view. It is wielding a +0 flail.
The bullfrog hits you.
Ouch! That really hurt!
* * * LOW HITPOINT WARNING * * *
The bullfrog hits you.
Ouch! That really hurt!
You die...

#.# #.# .. #.#.#
#. #.#.# ##.##
#.#.# ##../##
#.#.#
##...(.#####.#.#
+...♣....[##.#.#
#...###.##.#.#
#..@#........#
#.>F##.....#.#
#...##..####.#
#.?.###.# #.##
..♣.. ..# #..#
#.....#### #..#
##...# #..#
##o## #..# #..#


You could see a bullfrog and an orc.

Vanquished Creatures
  Sigmund (D:2)
  6 yaks (D:7)
  A wyvern (D:7)
  A steam dragon (D:7)
  Duvessa (D:6)
  2 orc warriors
  3 ice beasts
  A sky beast (D:4)
  A black bear (D:7)
  2 ogres (D:5)
  2 bullfrogs
  2 scorpions
  6 wights
  Dowan (D:6)
  2 howler monkeys
  2 bombardier beetles
  2 orc priests (D:5)
  2 jellies
  A sleepcap (D:7)
  6 iguanas
  8 orc wizards
  4 adders
  A shadow imp (D:7)
  A white imp (D:7)
  2 ufetubi (D:5)
  2 ribbon worms
  16 orcs
  11 ball pythons
  7 endoplasms
  2 giant cockroaches
  9 goblins
  A hobgoblin (D:2)
  2 jackals (D:2)
  4 quokkas
  4 bats
  2 frilled lizards (D:3)
  6 kobolds
  4 rats
131 creatures vanquished.

Notes
Turn   | Place    | Note
-------+----------+-------------------------------------------
     0 | D:1      | Pestilence the Vampire Fighter began the quest for the Orb.
     0 | D:1      | Reached XP level 1. HP: 17/17 MP: 1/1
   167 | D:1      | Found a faded altar of an unknown god.
   211 | D:1      | Reached XP level 2. HP: 23/23 MP: 2/2
   301 | D:1      | Reached skill level 1 in Dodging
   889 | D:2      | Gained mutation: You are afflicted with vampirism and can
                  | become a bat while bloodless. [Vampire growth]
   889 | D:2      | Reached XP level 3. HP: 28/29 MP: 3/3
  1122 | D:2      | Noticed Sigmund
  1129 | D:2      | Killed Sigmund
  1130 | D:2      | Reached XP level 4. HP: 33/37 MP: 4/4
  1130 | D:2      | Reached XP level 5. HP: 38/42 MP: 5/5
  1842 | D:3      | Reached XP level 6. HP: 37/48 MP: 6/6
  1976 | D:3      | Found a radiant altar of Vehumet.
  1977 | D:3      | Found a shimmering altar of Xom.
  2280 | D:4      | Found a runed translucent door.
  2283 | D:4      | Noticed chuckh07's ghost (weakling DrCj)
  2351 | D:4      | Identified the +5 arbalest of the Iron City of Dis {penet,
                  | Fly Dex+3}
  2566 | D:4      | Noticed a sky beast
  2583 | D:4      | Killed a sky beast
  2655 | D:4      | Reached XP level 7. HP: 55/55 MP: 7/7
  2897 | D:5      | Entered Level 5 of the Dungeon
  3381 | D:5      | Reached skill level 5 in Fighting
  3381 | D:5      | Reached skill level 5 in Long Blades
  3381 | D:5      | Reached skill level 5 in Shields
  3381 | D:5      | Reached XP level 8. HP: 22/62 MP: 8/8
  3588 | D:5      | Found an ancient bone altar of Kikubaaqudgha.
  3588 | D:5      | Found a shimmering blue altar of Sif Muna.
  3713 | D:6      | Found a runed translucent door.
  3779 | D:5      | Reached skill level 5 in Dodging
  4213 | D:6      | Noticed Dowan
  4214 | D:6      | Noticed Duvessa
  4495 | D:6      | Found Xuquput's Self-Published Books.
  4541 | D:6      | Killed Dowan
  4552 | D:6      | Killed Duvessa
  4574 | D:6      | Noticed Bediveer's ghost (novice SpHu)
  5066 | D:7      | Found Koruash's Magic Scroll Boutique.
  5218 | D:7      | Reached XP level 9. HP: 69/69 MP: 9/9
  5227 | D:7      | Found a staircase to the Ecumenical Temple.
  5278 | Temple   | Entered the Ecumenical Temple
  5301 | Temple   | Became a worshipper of Warmaster Okawaru
  5417 | D:7      | Reached * piety under Okawaru
  6216 | D:8      | Slain by a bullfrog

Illustrated notes

Levels and vault maps discovered:
D:1:      elethiomel_arrival_shortcut, layout_basic,
          shapermc_ecumenical_altar_mp_urbaneastern
D:2:      layout_loops_ring, uniq_sigmund
D:3:      layout_rooms, nicolae_overflow_squiral
D:4:      layout_loops_ring, ebering_ghost_sewer_d
D:5:      layout_rooms, gammafunk_temple_overflow_elements, grunt_decor_cap,
          hangedman_decor_clover_reticule
D:6:      layout_rooms, hellmonk_ghost_happy_afterlife, nicolae_custom_books,
          solitary_fountain, uniq_duvessa
D:7:      layout_basic, minmay_temple_entry_hall, serial_shops, shop,
          grunt_ministairs_4
D:8:      layout_loops_ring, grunt_ministairs_15
Temple:   regret_index_temple_mists

Skill      XL: |  1  2  3  4  5  6  7  8  9 |
---------------+----------------------------+-----
Dodging        | 1 2 3 4 6 7 |  7.6
Fighting       | 3 4 5 6 7 |  7.0
Shields        | 3 4 5 6 7 |  7.0
Long Blades    | 3 4 5 6 7 |  7.3
Armour         | |  2.4

Action                     |  1- 3 |  4- 6 |  7- 9 || total
---------------------------+-------+-------+-------++-------
  Melee: Long sword        |    93 |     1 |       ||    94
         Bite              |     9 |    22 |    72 ||   103
         Rapier            |       |   134 |   415 ||   549
    Use: Scroll            |       |     5 |     4 ||     9
         Potion            |       |       |     4 ||     4
 Armour: Chain mail        |    80 |    66 |   239 ||   385
         Scale mail        |     7 |       |       ||     7
  Dodge: Dodged            |    26 |    25 |   111 ||   162
  Block: Buckler           |    27 |    27 |    81 ||   135
   Form: Blade             |       |       |     1 ||     1

Table legend: (Time is in decaauts)
 A = Elapsed time spent in this place.
 B = Non-inter-level travel time spent in this place.
 C = Inter-level travel time spent in this place.
 D = Time resting spent in this place.
 E = Time spent auto-exploring this place.
 F = Levels seen in this place.
 G = Mean time per level.
                   A        B        C        D        E       F      G
               +--------+--------+--------+--------+--------+-----+--------+
         Total |   6112 |   5878 |    234 |    868 |   3628 |   9 |  679.1 |
       Dungeon |   6069 |   5835 |    234 |    868 |   3628 |   8 |  758.6 |
        Temple |     42 |     42 |      0 |      0 |      0 |   1 |   42.0 |
               +--------+--------+--------+--------+--------+-----+--------+

Top non-repeatable levels by time:
     D:5: 1297 daAuts
     D:7: 1135 daAuts
     D:2: 879 daAuts
     D:4: 801 daAuts
     D:1: 673 daAuts
     D:6: 623 daAuts
     D:3: 556 daAuts
     D:8: 103 daAuts
  Temple: 42 daAuts
